3A
HIGHWOOD HAWKS @ LOUISIANA DRAGOONS
05/26/2034
 
TOP OF THE 1ST
Highwood Hawks batting - Pitching for Louisiana Dragoons : RHP Claudio Martínez
Pitching: RHP Claudio Martínez
Batting: SHB Leon Green 0-0: Foul Ball, location: 2F
0-1: Ball
1-1: Ball
2-1: Ball
3-1: Base on Balls
Batting: LHB Scott Miles 0-0: Called Strike
0-1: Ball
1-1: Ball
Leon Green steals 2nd base
2-1: Ball
3-1: Called Strike
Leon Green is caught stealing 3rd base
3-2: Base on Balls
Batting: SHB Arvo Helminen 0-0: Ball
1-0: Called Strike
1-1: Ball
2-1: Swinging Strike
2-2: Ball
3-2: Strikes out swinging
Batting: RHB Ron Lawrence 0-0: Fly out, F9 (Flyball, 9D)
Top of the 1st over - 0 runs, 0 hits, 0 errors, 1 left on base; Highwood 0 - Louisiana 0
BOTTOM OF THE 1ST
Louisiana Dragoons batting - Pitching for Highwood Hawks : LHP Bruno Mumford
Pitching: LHP Bruno Mumford
Batting: LHB Carlos Barrera 0-0: Ball
1-0: Ball
2-0: DOUBLE (Line Drive, 7LM)
Batting: LHB Javier Seco 0-0: SINGLE (Line Drive, 56)
Carlos Barrera to third
Batting: SHB Francisco Enríquez 0-0: Ball
1-0: Ball
2-0: Ball
3-0: Called Strike
3-1: Called Strike
3-2: Strikes out looking
Batting: LHB Pancho González 0-0: Called Strike
0-1: Called Strike
0-2: Ball
1-2: Hit by Pitch
Javier Seco to second
Batting: RHB Richello Oliva 0-0: Ball
1-0: Called Strike
1-1: Ball
2-1: Ball
3-1: Base on Balls
Carlos Barrera scores
Javier Seco to third
Pancho González to second
Batting: RHB Denny Moore 0-0: Ball
1-0: Foul Ball, location: 2F
1-1: Ball
2-1: Ball
3-1: Foul Ball, location: 2F
3-2: Foul Ball, location: 2F
3-2: Base on Balls
Javier Seco scores
Pancho González to third
Richello Oliva to second
Batting: LHB Walt Trombly 0-0: DOUBLE (Line Drive, 9LS)
Pancho González scores
Richello Oliva scores
Denny Moore to third
Runner from 3rd tries for Home, SAFE, no throw
Batting: RHB Toyoshige Ine 0-0: Foul Ball, location: 2F
0-1: Foul Ball, location: 2F
0-2: Foul Ball, location: 2F
0-2: Strikes out swinging
Batting: RHB Jaime Martínez 0-0: Called Strike
0-1: Ground out 4-3 (Groundball, 4)
Bottom of the 1st over - 5 runs, 3 hits, 0 errors, 1 left on base; Highwood 0 - Louisiana 5
TOP OF THE 2ND
Highwood Hawks batting - Pitching for Louisiana Dragoons : RHP Claudio Martínez
Batting: RHB Jon Deal 0-0: Called Strike
0-1: Foul Ball, location: 2F
0-2: Ball
1-2: Ball
2-2: Strikes out swinging
Batting: RHB Jimmy Scott 0-0: Ground out 6-3 (Groundball, 56)
Batting: LHB Yi-da Yee 0-0: Ball
1-0: Foul Ball, location: 2F
1-1: Foul Ball, location: 2F
1-2: Fly out, F7 (Flyball, 78M)
Top of the 2nd over - 0 runs, 0 hits, 0 errors, 0 left on base; Highwood 0 - Louisiana 5
BOTTOM OF THE 2ND
Louisiana Dragoons batting - Pitching for Highwood Hawks : LHP Bruno Mumford
Batting: LHB Carlos Barrera 0-0: Fly out, F4 (Popup, 4)
Batting: LHB Javier Seco 0-0: Ground out 4-3 (Groundball, 4)
Batting: SHB Francisco Enríquez 0-0: Ball
1-0: Called Strike
1-1: Ball
2-1: Ball
3-1: Called Strike
3-2: Fly out, F4 (Line Drive, 4)
Bottom of the 2nd over - 0 runs, 0 hits, 0 errors, 0 left on base; Highwood 0 - Louisiana 5
TOP OF THE 3RD
Highwood Hawks batting - Pitching for Louisiana Dragoons : RHP Claudio Martínez
Batting: RHB Jamal Grant 0-0: Ball
1-0: Fly out, F3 (Line Drive, 34S)
Batting: RHB Jurg Dansen 0-0: Called Strike
0-1: Ball
1-1: Ground out 4-3 (Groundball, 4S)
Batting: SHB Leon Green 0-0: Ball
1-0: Ball
2-0: Foul Ball, location: 2F
2-1: Called Strike
2-2: Strikes out swinging
Top of the 3rd over - 0 runs, 0 hits, 0 errors, 0 left on base; Highwood 0 - Louisiana 5
BOTTOM OF THE 3RD
Louisiana Dragoons batting - Pitching for Highwood Hawks : LHP Bruno Mumford
Batting: LHB Pancho González 0-0: Called Strike
0-1: Ball
1-1: Ball
2-1: Called Strike
2-2: Strikes out swinging
Batting: RHB Richello Oliva 0-0: Foul Ball, location: 2F
0-1: Foul Ball, location: 2F
0-2: DOUBLE (Line Drive, 8RXD)
Batting: RHB Denny Moore 0-0: Ball
1-0: Ball
2-0: SINGLE (Line Drive, 78S)
Richello Oliva to third
Batting: LHB Walt Trombly 0-0: Swinging Strike
0-1: Called Strike
0-2: Fielders Choice at 2nd, 3-6 (Groundball, 3)
Richello Oliva scores
Batting: RHB Toyoshige Ine 0-0: Ball
1-0: Foul Ball, location: 2F
1-1: Foul Ball, location: 2F
1-2: Ball
2-2: SINGLE (Line Drive, 56D)
Walt Trombly to second
Runner from 2nd tries for 3rd, SAFE, throw made at trailing runner, OUT!
Bottom of the 3rd over - 1 run, 3 hits, 0 errors, 1 left on base; Highwood 0 - Louisiana 6
TOP OF THE 4TH
Highwood Hawks batting - Pitching for Louisiana Dragoons : RHP Claudio Martínez
Batting: LHB Scott Miles 0-0: Called Strike
0-1: Foul Ball, location: 2F
0-2: Foul Ball, location: 2F
0-2: Foul Ball, location: 2F
0-2: Strikes out swinging
Batting: SHB Arvo Helminen 0-0: Foul Ball, location: 2F
0-1: Ground out 6-3 (Groundball, 6)
Batting: RHB Ron Lawrence 0-0: SINGLE (Groundball, 3D)
Batting: RHB Jon Deal 0-0: Ball
1-0: Foul Ball, location: 2F
1-1: Ball
2-1: TRIPLE (Flyball, 9D)
Ron Lawrence scores
Batting: RHB Jimmy Scott 0-0: Called Strike
0-1: Swinging Strike
0-2: Strikes out swinging
Top of the 4th over - 1 run, 2 hits, 0 errors, 1 left on base; Highwood 1 - Louisiana 6
BOTTOM OF THE 4TH
Louisiana Dragoons batting - Pitching for Highwood Hawks : LHP Bruno Mumford
Batting: RHB Jaime Martínez 0-0: Called Strike
0-1: Fly out, F8 (Flyball, 8RM)
Batting: LHB Carlos Barrera 0-0: Ball
1-0: Ball
2-0: Called Strike
2-1: Swinging Strike
2-2: Foul Ball, location: 2F
2-2: Ball
3-2: Base on Balls
Batting: LHB Javier Seco 0-0: Called Strike
0-1: Swinging Strike
0-2: Ball
1-2: Strikes out swinging
Batting: SHB Francisco Enríquez 0-0: Ball
1-0: Called Strike
1-1: Foul Ball, location: 2F
1-2: Ball
Carlos Barrera is caught stealing 2nd base
Bottom of the 4th over - 0 runs, 0 hits, 0 errors, 0 left on base; Highwood 1 - Louisiana 6
TOP OF THE 5TH
Highwood Hawks batting - Pitching for Louisiana Dragoons : RHP Claudio Martínez
Batting: LHB Yi-da Yee 0-0: Called Strike
0-1: Foul Ball, location: 2F
0-2: Ball
1-2: Fly out, F8 (Flyball, 8RXD)
Batting: RHB Jamal Grant 0-0: Foul Ball, location: 2F
0-1: Swinging Strike
0-2: Foul Ball, location: 2F
0-2: Ball
1-2: Ball
2-2: SINGLE (Groundball, 56D)
Batting: RHB Jurg Dansen 0-0: Called Strike
0-1: Ball
1-1: Called Strike
1-2: Ball
2-2: Foul Ball, location: 2F
2-2: Foul Ball, location: 2F
2-2: Grounds into double play, 4-6-3 (Groundball, 4)
Top of the 5th over - 0 runs, 1 hit, 0 errors, 0 left on base; Highwood 1 - Louisiana 6
BOTTOM OF THE 5TH
Louisiana Dragoons batting - Pitching for Highwood Hawks : LHP Bruno Mumford
Batting: SHB Francisco Enríquez 0-0: Called Strike
0-1: Fly out, F9 (Flyball, 9LSF)
Batting: LHB Pancho González 0-0: Called Strike
0-1: Swinging Strike
0-2: Ball
1-2: Foul Ball, location: 2F
1-2: Foul Ball, location: 2F
1-2: Foul Ball, location: 2F
1-2: Ball
2-2: Foul Ball, location: 2F
2-2: Foul Ball, location: 2F
2-2: Strikes out swinging
Batting: RHB Richello Oliva 0-0: Ball
1-0: Called Strike
1-1: Called Strike
1-2: Foul Ball, location: 2F
1-2: Ball
2-2: Foul Ball, location: 2F
2-2: Foul Ball, location: 2F
2-2: Ball
3-2: Fly out, F4 (Popup, 34D)
Bottom of the 5th over - 0 runs, 0 hits, 0 errors, 0 left on base; Highwood 1 - Louisiana 6
TOP OF THE 6TH
Highwood Hawks batting - Pitching for Louisiana Dragoons : RHP Claudio Martínez
Batting: SHB Leon Green 0-0: Foul Ball, location: 2F
0-1: Ball
1-1: Ground out 5-3 (Groundball, 56)
Batting: LHB Scott Miles 0-0: Ball
1-0: Ball
2-0: Ball
3-0: Called Strike
3-1: Called Strike
3-2: Foul Ball, location: 2F
3-2: Strikes out swinging
Batting: SHB Arvo Helminen 0-0: Called Strike
0-1: Hit by Pitch
Batting: RHB Ron Lawrence 0-0: Called Strike
Arvo Helminen steals 2nd base
0-1: Called Strike
0-2: Ball
1-2: Ball
2-2: DOUBLE (Line Drive, 8RXD)
Arvo Helminen scores
Batting: RHB Jon Deal 0-0: Ball
1-0: SINGLE (Line Drive, 8RS)
Ron Lawrence to third
Runner from 3rd tries for Home, SAFE, throw made home
Batting: RHB Jimmy Scott 0-0: SINGLE (Groundball, 6MD)
Jon Deal to second
Runner from 2nd tries for 3rd, SAFE, no throw
Pitching: RHP Ivano Carbonetti
Batting: LHB Yi-da Yee 0-0: Called Strike
0-1: Swinging Strike
0-2: Foul Ball, location: 2F
0-2: Strikes out swinging
Top of the 6th over - 2 runs, 3 hits, 0 errors, 2 left on base; Highwood 3 - Louisiana 6
BOTTOM OF THE 6TH
Louisiana Dragoons batting - Pitching for Highwood Hawks : LHP Bruno Mumford
Pitching: RHP Kenneth Ferrell
Batting: RHB Denny Moore 0-0: Ground out 5-3 (Groundball, 56)
Batting: LHB Walt Trombly 0-0: Fly out, F9 (Flyball, 89D)
Batting: RHB Toyoshige Ine 0-0: Ball
1-0: Swinging Strike
1-1: Foul Ball, location: 2F
1-2: Strikes out looking
Bottom of the 6th over - 0 runs, 0 hits, 0 errors, 0 left on base; Highwood 3 - Louisiana 6
TOP OF THE 7TH
Highwood Hawks batting - Pitching for Louisiana Dragoons : RHP Ivano Carbonetti
Batting: RHB Jamal Grant 0-0: Swinging Strike
0-1: DOUBLE (Line Drive, 9LM)
Batting: RHB Jurg Dansen 0-0: Ball
1-0: Ball
2-0: Fly out, F8 (Flyball, 8RD)
Batting: SHB Leon Green 0-0: Called Strike
Jamal Grant is caught stealing 3rd base
0-1: Swinging Strike
0-2: Ball
1-2: Ball
2-2: Strikes out swinging
Top of the 7th over - 0 runs, 1 hit, 0 errors, 0 left on base; Highwood 3 - Louisiana 6
BOTTOM OF THE 7TH
Louisiana Dragoons batting - Pitching for Highwood Hawks : RHP Kenneth Ferrell
Batting: RHB Jaime Martínez 0-0: Ball
1-0: Ball
2-0: Ball
3-0: Called Strike
3-1: Base on Balls
Batting: LHB Carlos Barrera 0-0: Sac Bunt - play at first, batter OUT! 2-3
Jaime Martínez to second
Batting: LHB Javier Seco 0-0: Ball
1-0: Ball
2-0: Called Strike
2-1: Ball
3-1: Base on Balls
Batting: SHB Francisco Enríquez 0-0: Called Strike
0-1: Fly out, F7 (Flyball, 7)
Batting: LHB Pancho González 0-0: Ball
1-0: Ball
2-0: Ball
3-0: Called Strike
3-1: Base on Balls
Jaime Martínez to third
Javier Seco to second
Batting: RHB Richello Oliva 0-0: Called Strike
0-1: Foul Ball, location: 2F
0-2: Ball
1-2: Ball
Wild Pitch!
Jaime Martínez scores
Javier Seco to third
Pancho González to second
2-2: Ball
3-2: Strikes out swinging
Bottom of the 7th over - 1 run, 0 hits, 0 errors, 2 left on base; Highwood 3 - Louisiana 7
TOP OF THE 8TH
Highwood Hawks batting - Pitching for Louisiana Dragoons : RHP Ivano Carbonetti
Batting: LHB Scott Miles 0-0: Ball
1-0: Called Strike
1-1: Ball
2-1: Foul Ball, location: 2F
2-2: Foul Ball, location: 2F
2-2: Strikes out swinging
Batting: SHB Arvo Helminen 0-0: Swinging Strike
0-1: Called Strike
0-2: Ball
1-2: Strikes out swinging
Batting: RHB Ron Lawrence 0-0: Swinging Strike
0-1: Ball
1-1: Ball
2-1: Foul Ball, location: 2F
2-2: Foul Ball, location: 2F
2-2: Foul Ball, location: 2F
2-2: Fly out, F4 (Line Drive, 4)
Top of the 8th over - 0 runs, 0 hits, 0 errors, 0 left on base; Highwood 3 - Louisiana 7
BOTTOM OF THE 8TH
Louisiana Dragoons batting - Pitching for Highwood Hawks : RHP Kenneth Ferrell
Batting: RHB Denny Moore 0-0: Ball
1-0: Foul Ball, location: 2F
1-1: DOUBLE (Line Drive, 9LM)
Batting: LHB Walt Trombly 0-0: Intentional Walk
Batting: RHB Toyoshige Ine 0-0: Bunted foul
0-1: Sac Bunt - play at first, batter OUT! 1-4
Denny Moore to third
Walt Trombly to second
Batting: RHB Jaime Martínez 0-0: Called Strike
0-1: Ball
1-1: 3-RUN HOME RUN (Line Drive, 7LD), Distance : 364 ft
Batting: LHB Carlos Barrera 0-0: Ball
1-0: Foul Ball, location: 2F
1-1: Ball
2-1: Fly out, F8 (Flyball, 8RS)
Batting: LHB Javier Seco 0-0: DOUBLE (Flyball, 8LXD)
Batting: SHB Francisco Enríquez 0-0: Ball
1-0: Ball
2-0: Foul Ball, location: 2F
2-1: Fly out, F8 (Flyball, 78D)
Bottom of the 8th over - 3 runs, 3 hits, 0 errors, 1 left on base; Highwood 3 - Louisiana 10
TOP OF THE 9TH
Highwood Hawks batting - Pitching for Louisiana Dragoons : RHP Ivano Carbonetti
Now at 1B: Alec Hall
Batting: RHB Jon Deal 0-0: Ball
1-0: Ball
2-0: Called Strike
2-1: Ball
3-1: Foul Ball, location: 2F
3-2: Strikes out swinging
Batting: RHB Jimmy Scott 0-0: Called Strike
0-1: Fly out, F8 (Flyball, 8RS)
Pinch Hitting: LHB Tom Bell 0-0: Called Strike
0-1: Foul Ball, location: 2F
0-2: Strikes out swinging
Top of the 9th over - 0 runs, 0 hits, 0 errors, 0 left on base; Highwood 3 - Louisiana 10
Friday, March 29th, 2019 - OOTP Baseball 18.8 Build 76